 Dungeon Crawl Stone Soup version 0.20.1-1-g8b1a95d (webtiles) character file.

108635 Stelteck the Peltast (level 16, -10/146 HPs)
             Began as a Hill Orc Fighter on Aug 26, 2017.
             Was the Champion of Beogh.
             Mangled by a storm dragon simulacrum (14 damage)
             ... on level 2 of the Abyss on Sept 3, 2017.
             The game lasted 04:28:12 (35025 turns).

Stelteck the Peltast (Hill Orc Fighter)            Turns: 35025, Time: 04:28:13

Health: -10/146    AC: 21    Str: 17      XL:     16   Next: 50%
Magic:  0/25       EV: 10    Int:  7 (10) God:    Beogh [******]
Gold:   1988       SH: 18    Dex: 13      Spells: 15/15 levels left

rFire    + + .     SeeInvis .   a - +4 war axe (drain)
rCold    + . .     Gourm    .   c - +4 shield
rNeg     + . .     Faith    .   n - +3 chain mail {rF+}
rPois    +         Spirit   +   j - +0 helmet
rElec    .         Reflect  .   q - scarf {rC+ rF+}
rCorr    +         Harm     .   v - +1 pair of gloves
MR       ++...                  L - +1 pair of boots {Fly}
Stlth    ..........             d - amulet of guardian spirit
Regen    0.4/turn               R - ring of Kughinn {rCorr rPois MR+ Int+4}
MPRegen  0.2/turn               u - ring of positive energy

@: about to teleport, flying, drained
A: walk on water, clumsy 1, dopey 1, weak 2
a: Smiting, Recall Orcish Followers, Give Item to Named Follower, Resurrection,
Renounce Religion, Stop Flying


You were on level 2 of the Abyss.
You worshipped Beogh.
Beogh was exalted by your worship.
You were not hungry.

You visited 5 branches of the dungeon, and saw 28 of its levels.
You visited the Abyss 1 time.
You also visited: Labyrinth and Ossuary.

You collected 2868 gold pieces.
You spent 880 gold pieces at shops.

Inventory:

Hand Weapons
 a - a +4 war axe of draining (weapon)
 b - a +2 flail of protection
Missiles
 z - 2 throwing nets (quivered)
Armour
 c - a +4 shield (worn)
 j - a +0 helmet (worn)
 n - a +3 chain mail of fire resistance (worn)
 q - a scarf of resistance (worn)
 v - a +1 pair of gloves (worn)
 L - a +1 pair of boots of flying (worn)
 N - a +3 ring mail of positive energy
Jewellery
 d - an amulet of guardian spirit (around neck)
 u - a ring of positive energy (right hand)
 y - an uncursed amulet of magic regeneration {unknown}
 H - a cursed amulet of inaccuracy {unknown}
 R - the ring of Kughinn (left hand) {rCorr rPois MR+ Int+4}
   (You acquired it on level 15 of the Dungeon)

   [ring of resist corrosion]

   It affects your intelligence (+4).
   It protects you from poison.
   It affects your resistance to hostile enchantments.
Wands
 l - a wand of disintegration (10/24)
 r - a wand of digging (14/24)
 B - a wand of clouds (4/9)
 G - a wand of acid (10/15)
 J - a wand of iceblast (4/15)
 P - a wand of polymorph (10/24)
 Q - a wand of lightning (7/15)
 V - a wand of enslavement (11/24)
 X - a wand of lightning (4/15)
 Y - a wand of iceblast (6/15)
Scrolls
 h - a scroll of brand weapon
 o - a scroll of amnesia
 p - 4 scrolls of teleportation
 t - 3 scrolls of fog
 w - 5 scrolls of remove curse
 C - a scroll of recharging
 E - 3 scrolls of blinking
 S - a scroll of holy word
 W - 5 scrolls of magic mapping
 Z - 4 scrolls of fear
Potions
 e - 5 potions of brilliance
 g - 6 potions of curing
 A - a potion of invisibility
 D - 3 potions of resistance
 F - 5 potions of cancellation
 U - 2 potions of mutation
Miscellaneous
 i - a lightning rod (3/4)
 m - a phantom mirror
 x - a fan of gales
 I - a lightning rod (3/4)
 M - 2 sacks of spiders
Comestibles
 f - 18 bread rations
 k - 10 royal jellies
 s - 12 meat rations


   Skills:
 - Level 14.2(13.5) Fighting
 * Level 15.4(14.8) Axes
 - Level 10.7(10.0) Armour
 - Level 7.2(6.6) Dodging
 + Level 1.3(0.8) Stealth
 - Level 16.9(16.2) Shields
 - Level 12.4(11.7) Invocations
 + Level 8.0(7.4) Evocations


You had 15 spell levels left.
You didn't know any spells.

Dungeon Overview and Level Annotations

Branches:
Dungeon (15/15)            Temple (1/1) D:6            Lair (6/6) D:9
  Swamp (4/4) Lair:3       Spider (0/4) Lair:2        Slime (0/5) Lair:5
    Orc (2/2) D:9             Elf (0/3) Orc:2        Vaults (0/5) D:14
 Depths (0/5) D:15

Altars:
Ashenzari
Cheibriados
Dithmenos
Elyvilon
Fedhas
Gozag
Hepliaklqana
Kikubaaqudgha
Makhleb
Nemelex Xobeh
Okawaru
Qazlal
Ru
Sif Muna
Trog
Uskayaw
Vehumet
Xom
Yredelemnul
Zin
The Shining One
Beogh

Shops:
D:7 %   D:12 %   Orc:2 =(*[

Annotations:
Swamp:4 Louise


Innate Abilities, Weirdness & Mutations

You can walk on water.
You are clumsy. (Dex -2)
You are dopey. (Int -2)
You are very weak. (Str -4)


Message History

The storm dragon simulacrum claws you.
* * * LOW HITPOINT WARNING * * *
The storm dragon simulacrum freezes you!
You resist.
* * * LOW HITPOINT WARNING * * *
The storm dragon simulacrum tramples you but does no damage.
You block the neqoxec's attack.
A large abomination comes into view.
You feel better.
The white imp disappears in a puff of smoke!
The shadow imp disappears in a puff of smoke!
You block the thrashing horror's attack. x2
You block the large abomination's attack.
You block the storm dragon simulacrum's attack.
The storm dragon simulacrum claws you but does no damage.
The storm dragon simulacrum tramples you!
* * * LOW HITPOINT WARNING * * *
The storm dragon simulacrum freezes you!
You resist.
You die...

..#Z .. # ## .
.. ... .. .. #.
.#.#... .. ..
#... ## # .# # .
... .. . ### .#
# . .#.# #Z###.
#. ##.# ##@Z5##
..#. ####.
#XX3h# .... 5
#.55§..#..###. §
X##............#
# ##
.###....#.5.. .
. . ###.#... ..
##. ## # . #...#
..# #.##.....##
# ####..#


You could see a thrashing horror, 2 large abominations, a raiju, a neqoxec, a
crimson imp, a white imp, a shadow imp, a storm dragon simulacrum and a snapping
turtle skeleton.

Vanquished Creatures
  An orc warlord (Orc:2)
  3 dire elephants (Lair:6)
  A minotaur (Lab)
  4 hydras
  The ghost of Mesmaeker13 the Infuser, a journeyman DrSk of Xom (D:12)
  A centaur warrior (D:11)
  Erica (D:11)
  2 alligators (Swamp:1)
  5 death yaks (Lair:6)
  7 two-headed ogres
  A tengu warrior (D:15)
  A thrashing horror (Abyss:2)
  An unseen horror (D:15)
  A spriggan druid (Swamp:3)
  A shambling mangrove (Swamp:1)
  2 swamp dragons
  4 orc knights
  2 obsidian statues (D:14)
  An oklob plant (Lair:4)
  An ugly thing (D:11)
  A wolf spider zombie (D:15)
  2 deep elf magi
  4 cyclopes
  A worldbinder (Abyss:2)
  5 centaur zombies
  6 elephants
  Maurice (D:11)
  4 black mambas
  8 spiny frogs
  6 komodo dragons
  A kobold demonologist (D:15)
  An efreet (D:14)
  A rime drake (Lair:4)
  8 trolls
  Grinder (D:3)
  A polar bear (Lair:6)
  10 hornets
  2 raiju (Abyss:2)
  5 slime creatures
  6 blink frogs
  3 hippogriffs
  4 bog bodies
  2 tyrant leeches
  4 shadows
  4 wyverns
  A wraith (Ossuary)
  A large abomination (Abyss:2)
  6 spriggans
  41 yaks
  A ynoxinul (Abyss:2)
  3 basilisks
  6 vampire mosquitoes
  A small abomination (Abyss:2)
  A warg (Orc:1)
  8 insubstantial wisps
  8 swamp worms
  Duvessa (D:7)
  An acid dragon (D:15)
  5 water moccasins
  6 porcupines
  A soldier ant (D:10)
  2 necrophages
  13 orc warriors
  9 swamp drakes
  12 ice beasts
  2 eyes of draining
  A black bear (D:13)
  6 ogres
  3 sky beasts
  7 wolves
  15 centaurs
  3 crocodiles
  2 big kobolds
  14 bullfrogs
  Dowan (D:7)
  A scorpion (D:4)
  13 wights
  20 killer bees
  4 electric eels
  A howler monkey (D:10)
  6 crimson imps
  2 quasits
  6 jellies
  4 orc priests
  2 bullfrog skeletons
  5 centaur skeletons
  2 hounds
  A hound (shapeshifter) (D:9)
  11 orc wizards
  6 iguanas
  12 worker ants
  5 hound skeletons
  A hound zombie (D:10)
  A mummy (Ossuary)
  A howler monkey zombie (D:8)
  3 gnolls (D:4)
  16 adders
  3 shadow imps
  An ufetubus (Abyss:2)
  7 oozes
  An adder skeleton (D:4)
  5 worms
  2 dart slugs
  A leopard gecko (D:10)
  39 orcs
  A ball python (D:1)
  5 giant cockroaches
  11 goblins
  12 hobgoblins
  13 jackals
  5 quokkas
  5 bats
  2 frilled lizards (D:1)
  5 gnoll skeletons (Ossuary)
  A jackal skeleton (D:4)
  26 kobolds
  11 kobold skeletons (Ossuary)
  9 orc skeletons (Ossuary)
  A quokka skeleton (D:6)
  9 rats
  A butterfly (Lair:3)
  2 fungi
  7 plants
621 creatures vanquished.

Vanquished Creatures (collateral kills)
  2 thorn hunters (Swamp:4)
  The ghost of TepidLee the Warrior, an adept GrGl of Zin (Swamp:2)
  An orc warlord (Orc:1)
  An orc knight (Swamp:1)
  3 dire elephants (Lair:6)
  An anaconda (Lair:6)
  2 ice dragons (D:15)
  15 hydras
  The ghost of Haldmier the Grappler, a journeyman VSTm of Makhleb (Lair:3)
  A catoblepas (D:15)
  3 centaur warriors
  A tengu warrior (D:14)
  6 alligators
  Urug (Orc:2)
  2 orc high priests
  A death yak (Lair:6)
  An unseen horror (D:12)
  2 spriggan druids (Swamp:3)
  4 shambling mangroves
  A deep elf mage (D:15)
  An orc sorcerer (Orc:2)
  5 ugly things (D:14)
  5 elephants (Lair:6)
  A centaur zombie (D:14)
  4 slime creatures
  A salamander (shapeshifter) (D:14)
  An eye of devastation (Lair:5)
  6 spiny frogs
  2 black mambas
  A gargoyle (D:14)
  A rime drake (Lair:5)
  A yaktaur (D:12)
  2 komodo dragons
  2 trolls (Orc:1)
  2 tyrant leeches
  3 meliai (D:14)
  4 polar bears
  7 hornets
  8 blink frogs
  A bog body (Swamp:1)
  A raiju (shapeshifter) (D:14)
  A hornet (shapeshifter) (D:14)
  4 dream sheep (Lair:5)
  A hippogriff (Lair:5)
  A spriggan (shapeshifter) (D:13)
  A tarantella (Lair:2)
  2 basilisks (Lair:3)
  3 spriggans
  A wyvern (Lair:5)
  A water elemental (D:13)
  6 vampire mosquitoes
  23 yaks
  6 swamp worms
  A warg (Orc:1)
  12 insubstantial wisps
  6 water moccasins
  3 porcupines
  A sky beast (shapeshifter) (D:14)
  16 orc warriors
  A swamp drake (Swamp:3)
  A hornet zombie (D:15)
  A necrophage (D:13)
  3 wolves
  4 ogres
  An eye of draining (Lair:5)
  6 crocodiles
  2 big kobolds
  4 bullfrogs
  A crimson imp (D:12)
  2 hounds (D:13)
  4 orc priests
  5 orc wizards
  2 centaur skeletons
  3 worker ants (D:14)
  9 orcs
  A kobold (D:12)
  8 briar patches (Swamp:4)
  A butterfly (Lair:3)
  11 fungi
  14 plants
282 creatures vanquished.

Vanquished Creatures (others)
  3 orc warlords
  5 orc knights
  3 orc sorcerers (Orc:2)
  9 orc wizards
  10 orc warriors
  Prince Ribbit (D:9)
  A dream sheep (Lair:5)
  8 orc priests
  33 orcs
  9 fungi
  6 plants (Lair:6)
88 creatures vanquished.

Grand Total: 991 creatures vanquished

Notes
Turn   | Place    | Note
-------+----------+-------------------------------------------
     0 | D:1      | Stelteck the Hill Orc Fighter began the quest for the Orb.
     0 | D:1      | Reached XP level 1. HP: 19/19 MP: 1/1
   133 | D:2      | Reached XP level 2. HP: 24/27 MP: 2/2
   423 | D:2      | Reached XP level 3. HP: 33/33 MP: 3/3
  1015 | D:2      | Reached XP level 4. HP: 41/41 MP: 4/4
  1055 | D:3      | Noticed Grinder
  1064 | D:3      | Paralysed by Grinder for 7 turns
  1073 | D:3      | Paralysed by Grinder for 6 turns
  1084 | D:3      | Killed Grinder
  1084 | D:3      | Reached skill level 4 in Shields
  1084 | D:3      | Reached XP level 5. HP: 8/47 MP: 5/5
  1084 | D:3      | Reached XP level 6. HP: 10/53 MP: 6/6
  2017 | D:3      | Reached skill level 5 in Shields
  2341 | D:4      | Reached XP level 7. HP: 53/60 MP: 7/7
  2392 | D:4      | Found an ancient bone altar of Kikubaaqudgha.
  2392 | D:4      | Found a sparkling altar of Nemelex Xobeh.
  2410 | D:5      | Entered Level 5 of the Dungeon
  2555 | D:4      | Found a basalt altar of Yredelemnul.
  2555 | D:4      | Found a radiant altar of Vehumet.
  2849 | D:4      | Found an opulent altar of Gozag.
  2873 | D:4      | Found a bloodstained altar of Trog.
  4007 | D:6      | Reached skill level 5 in Fighting
  4346 | D:6      | Reached skill level 6 in Shields
  4346 | D:6      | Reached XP level 8. HP: 28/70 MP: 8/8
  4551 | D:6      | Found a staircase to the Ecumenical Temple.
  4575 | Temple   | Entered the Ecumenical Temple
  4675 | D:7      | Noticed Duvessa
  4676 | D:7      | Noticed Dowan
  5257 | D:7      | Found a sand-covered staircase.
  5269 | Ossuary  | Entered an ossuary
  5269 | Ossuary  | Noticed a wraith
  5269 | Ossuary  | Noticed a wraith
  5269 | Ossuary  | Noticed a wraith
  5351 | Ossuary  | Noticed a wraith
  5386 | Ossuary  | Killed a wraith
  5386 | Ossuary  | Reached skill level 5 in Armour
  5820 | D:6      | Reached skill level 7 in Shields
  5911 | D:7      | Killed Duvessa
  5934 | D:7      | Killed Dowan
  5947 | D:7      | Found a snail-covered altar of Cheibriados.
  6014 | D:7      | Found Juseadwu's Food Boutique.
  6105 | D:7      | Reached XP level 9. HP: 75/75 MP: 9/9
  6471 | D:8      | Noticed a two-headed ogre
  6558 | D:7      | Reached skill level 8 in Shields
  6927 | D:9      | Found a staircase to the Lair.
  6927 | D:9      | Noticed a troll
  6972 | D:8      | Killed a two-headed ogre
  7295 | D:8      | Noticed a two-headed ogre
  7311 | D:8      | Killed a two-headed ogre
  7311 | D:8      | Reached skill level 10 in Armour
  7311 | D:8      | Reached skill level 9 in Shields
  7311 | D:8      | Reached XP level 10. HP: 58/83 MP: 10/10
  7378 | D:8      | Reached skill level 1 in Dodging
  8534 | D:9      | Became a worshipper of Beogh the Brigand
  8536 | D:9      | Noticed Prince Ribbit
  8550 | D:9      | Killed Prince Ribbit
  8656 | D:9      | Reached skill level 10 in Shields
  8723 | D:9      | Noticed a spiny frog
  8723 | D:9      | a yaktaur changed into a spiny frog
  8738 | D:9      | a spiny frog changed into a worker ant
  9055 | D:10     | Entered Level 10 of the Dungeon
  9062 | D:10     | Reached * piety under Beogh
  9098 | D:9      | Reached skill level 5 in Dodging
  9151 | D:9      | Reached XP level 11. HP: 73/89 MP: 11/11
  9240 | D:9      | Found a staircase to the Orcish Mines.
  9765 | Orc:1    | Entered Level 1 of the Orcish Mines
  9794 | Orc:1    | Noticed an orc knight
  9915 | D:10     | Reached ** piety under Beogh
 10866 | D:11     | Noticed a green ugly thing
 10892 | D:11     | Killed a green ugly thing
 10892 | D:11     | Reached skill level 10 in Axes
 11134 | D:11     | Noticed Maurice
 11225 | D:11     | Killed Maurice
 11225 | D:11     | Reached skill level 1 in Invocations
 11225 | D:11     | Reached skill level 1 in Evocations
 11245 | D:12     | Noticed Mesmaeker13's ghost (journeyman DrSk)
 11263 | D:11     | Noticed a two-headed ogre
 11290 | D:11     | Killed a two-headed ogre
 11469 | D:11     | Reached *** piety under Beogh
 11498 | D:11     | Reached XP level 12. HP: 84/101 MP: 14/14
 11879 | D:11     | Noticed Erica
 11897 | D:11     | Killed Erica
 11915 | D:11     | Noticed a centaur warrior
 11929 | D:11     | Killed a centaur warrior
 11929 | D:11     | Reached skill level 5 in Invocations
 12324 | D:12     | Killed Mesmaeker13's ghost
 12689 | D:12     | Noticed a two-headed ogre
 12705 | D:12     | Killed a two-headed ogre
 13048 | D:12     | Found Pase's Food Boutique.
 13121 | D:12     | Found a blossoming altar of Fedhas.
 13148 | D:12     | Reached **** piety under Beogh
 13148 | D:12     | Reached skill level 5 in Evocations
 13708 | Orc:2    | Entered Level 2 of the Orcish Mines
 13708 | Orc:2    | Found a staircase to the Elven Halls.
 13750 | Orc:1    | Noticed a two-headed ogre
 13761 | Orc:1    | Killed a two-headed ogre
 13787 | Orc:1    | Found a burning altar of Makhleb.
 13810 | Orc:1    | Noticed an orc high priest
 13811 | Orc:1    | Noticed a sun demon
 13825 | Orc:1    | Killed an orc high priest
 14062 | Orc:1    | Noticed a soul eater
 14176 | Orc:2    | Found a labyrinth entrance.
 14200 | Lab      | Entered a labyrinth
 14250 | Lab      | Reached XP level 13. HP: 86/107 MP: 18/18
 14862 | Lab      | Noticed a minotaur
 14881 | Lab      | Killed a minotaur
 14893 | Lab      | Identified the Volume of the Endless Tables
 14893 | Lab      | Identified the Disquisition on Glacial Poisoning
 15673 | Orc:2    | Reached skill level 11 in Shields
 15782 | Orc:2    | Found a bloodstained altar of Trog.
 15788 | Orc:2    | Noticed Urug
 15806 | Orc:2    | Killed Urug
 15816 | Orc:2    | Noticed an orc warlord
 15827 | Orc:2    | Reached skill level 15 in Axes
 15841 | Orc:2    | Killed an orc warlord
 15881 | Orc:2    | Found a roughly hewn altar of Beogh.
 15953 | Orc:2    | Found Furideel's Antique Armour Shop.
 15976 | Orc:2    | Found Piuddan's Antique Weapon Shop.
 15985 | Orc:2    | Found Vaim's Jewellery Shop.
 16026 | Orc:2    | Bought an uncursed amulet of faith for 440 gold pieces
 16420 | Orc:2    | Found Sagovyu's General Store.
 16431 | Orc:2    | Bought a lightning rod (4/4) for 440 gold pieces
 16609 | Orc:1    | Noticed an orc warlord
 16630 | Orc:1    | Killed an orc warlord
 16893 | Lair:1   | Entered Level 1 of the Lair of Beasts
 17295 | Lair:1   | Reached ***** piety under Beogh
 18438 | Lair:2   | Found a hole to the Spider Nest.
 18840 | Lair:3   | Noticed Haldmier's ghost (journeyman VSTm)
 18844 | Lair:3   | Reached skill level 12 in Shields
 18851 | Lair:3   | Killed Haldmier's ghost
 18918 | Lair:4   | Reached skill level 10 in Fighting
 19108 | Lair:3   | Found a staircase to the Swamp.
 19871 | Lair:4   | Reached XP level 14. HP: 84/122 MP: 20/20
 20640 | Lair:6   | Entered Level 6 of the Lair of Beasts
 21182 | Lair:5   | Found a staircase to the Slime Pits.
 21201 | Lair:5   | Gained Morguth as an ally
 21509 | Lair:5   | Reached ****** piety under Beogh
 22107 | Lair:6   | Gained Bladwarg as an ally
 22354 | Lair:6   | Reached skill level 10 in Invocations
 22363 | Lair:6   | Identified the Catalogue of Dislocated Combat Magic
 22991 | Lair:6   | Noticed a dire elephant
 22991 | Lair:6   | Noticed a dire elephant
 23008 | Lair:6   | Killed a dire elephant
 23010 | Lair:6   | Noticed a dire elephant
 23010 | Lair:6   | Killed a dire elephant
 23031 | Lair:6   | Killed a dire elephant
 23031 | Lair:6   | Gained Ugrim as an ally
 23315 | Lair:6   | Noticed a dire elephant
 23323 | Lair:6   | Killed a dire elephant
 23340 | Lair:6   | Noticed a dire elephant
 23351 | Lair:6   | Killed a dire elephant
 23353 | Lair:6   | Noticed a dire elephant
 23365 | Lair:6   | Killed a dire elephant
 24267 | D:12     | Reached skill level 13 in Shields
 24296 | D:13     | Gained Koronagh as an ally
 24297 | D:13     | Found a glowing silver altar of Zin.
 24523 | D:13     | Reached XP level 15. HP: 114/135 MP: 22/22
 25678 | D:15     | Entered Level 15 of the Dungeon
 25979 | D:14     | Found a gate to the Vaults.
 26369 | D:14     | Reached skill level 14 in Shields
 27114 | D:15     | Identified a scroll of acquirement
 27118 | D:15     | Got a brightly glowing marble ring
 27121 | D:15     | Identified the ring of Kughinn {rCorr rPois MR+ Int+4} (You acquired it on level 15 of the Dungeon)
 27176 | D:15     | Your ally Bladwarg died
 27195 | D:15     | Found a staircase to the Depths.
 28493 | Swamp:1  | Entered Level 1 of the Swamp
 29005 | Swamp:1  | Reached skill level 15 in Shields
 29242 | Swamp:1  | Your ally Morguth died
 30682 | Swamp:2  | Noticed TepidLee's ghost (adept GrGl)
 30729 | Swamp:2  | Killed TepidLee's ghost
 31087 | Swamp:2  | Reached XP level 16. HP: 143/146 MP: 24/24
 31307 | Swamp:3  | Reached skill level 16 in Shields
 31739 | Swamp:4  | Entered Level 4 of the Swamp
 31891 | Swamp:4  | Gained Orkwin as an ally
 31901 | Swamp:4  | Noticed a thorn hunter
 32638 | Swamp:4  | Noticed a thorn hunter
 32662 | Swamp:4  | Killed a thorn hunter
 32953 | Swamp:4  | Killed a thorn hunter
 33066 | Swamp:4  | Noticed Mara
 33072 | Swamp:4  | Noticed Stelteck's illusion
 33107 | Swamp:4  | Noticed Stelteck's illusion
 33120 | Swamp:4  | Your ally Orkwin died
 33122 | Swamp:4  | Your ally Ugrim died
 33124 | Swamp:4  | Your ally Koronagh died
 34144 | Swamp:4  | Noticed Louise
 34174 | Swamp:4  | Cast into level 2 of the Abyss (Louise)
 34247 | Abyss:2  | Noticed an Executioner
 34275 | Abyss:2  | Reached skill level 1 in Stealth
 34758 | Abyss:2  | Gained mutation: You are dopey. (Int -2) [a cacodemon]
 34780 | Abyss:2  | Gained mutation: You are clumsy. (Dex -2) [a cacodemon]
 34783 | Abyss:2  | Gained mutation: You are weak. (Str -2) [a cacodemon]
 35020 | Abyss:2  | Gained mutation: You are very weak. (Str -4) [a neqoxec]
 35024 | Abyss:2  | HP: 4/146 [storm dragon simulacrum (11)]
 35025 | Abyss:2  | Mangled by a storm dragon simulacrum

Skill      XL: |  1  2  3  4  5  6  7  8  9 10 11 12 13 14 15 16 |
---------------+-------------------------------------------------+-----
Fighting       | 4 5 7 10 13 14 | 14.2
Axes           | 3 4 6 7 8 11 14 15 | 15.4
Shields        | 4 5 6 7 9 10 12 13 15 16 | 16.9
Armour         | 4 7 10 | 10.7
Dodging        | 5 6 7 |  7.2
Invocations    | 3 7 8 10 11 12 | 12.4
Evocations     | 2 5 7 8 |  8.0
Stealth        | 1 |  1.3

Action                   |  1- 3 |  4- 6 |  7- 9 | 10-12 | 13-15 | 16-18 || total
-------------------------+-------+-------+-------+-------+-------+-------++-------
Melee: War axe           |   100 |    81 |       |       |   968 |   348 ||  1497
       Hand axe          |       |    36 |   465 |  1493 |   104 |       ||  2098
       Flail             |       |       |       |       |   110 |    50 ||   160
Throw: Javelin           |       |     2 |       |       |       |       ||     2
Invok: Convert to Beogh  |       |       |       |     1 |       |       ||     1
       Recall Orcish Fol |       |       |       |       |    14 |     2 ||    16
       Give Item to Name |       |       |       |       |     3 |       ||     3
       Resurrection      |       |       |       |       |     1 |       ||     1
Evoke: Wand              |       |       |       |       |     1 |     5 ||     6
       Lightning rod     |       |       |       |       |       |     1 ||     1
       Sack of spiders   |       |       |       |       |       |     1 ||     1
  Use: Scroll            |     1 |    11 |    15 |     9 |    18 |     9 ||    63
       Potion            |       |     1 |     3 |     3 |    12 |    19 ||    38
 Stab: Distracted        |       |       |       |       |    12 |       ||    12
  Eat: Chunk             |     1 |     4 |    15 |    19 |    39 |     4 ||    82
       Fruit             |       |       |     1 |       |     6 |       ||     7
       Royal jelly       |       |       |       |     3 |     4 |     4 ||    11
       Bread ration      |       |       |       |       |       |     1 ||     1
Armor: Scale mail        |    37 |    50 |    33 |       |       |       ||   120
       Plate armour      |       |       |   132 |   332 |       |       ||   464
       Skin              |       |       |     2 |       |       |       ||     2
       Ring mail         |       |       |       |   140 |    21 |       ||   161
       Chain mail        |       |       |       |       |   400 |   266 ||   666
Dodge: Dodged            |    36 |    31 |    84 |   347 |   369 |   195 ||  1062
Block: Shield            |    39 |    60 |   362 |  1037 |   922 |   495 ||  2915
